 Dungeon Sprint DCSS version 0.24.1-14-gf8d2b509d9 (webtiles) character file.

Game seed: 11899163039974266723, levelgen mode: deterministic

107 garygaoyx1 the Skirmisher (level 4, -2/43 HPs)
             Began as a Demonspawn Abyssal Knight on Sept 6, 2021.
             Slain by Sigmund
             ... wielding a +0 scythe
              (4 damage)
             ... in the Dungeon (Sprint I: "Red Sonja").
             The game lasted 00:01:29 (90 turns).

garygaoyx1 the Skirmisher (Demonspawn Abyssal Knight) Turns: 90, Time: 00:01:30

Health: -2/43      AC:  7    Str: 13    XL:     4   Next: 57%
Magic:  6/6        EV: 12    Int: 13    God:
Gold:   54         SH:  0    Dex: 13    Spells: 3/3 levels left

rFire    . . .     SeeInvis .   a - +1 short sword
rCold    . . .     Gourm    .   (no shield)
rNeg     . . .     Faith    .   b - +0 leather armour
rPois    .         Spirit   .   (no helmet)
rElec    .         Reflect  .   (no cloak)
rCorr    .         Harm     .   (no gloves)
MR       .....     NoTele   +   (no boots)
Stlth    +.........             (no amulet)
HPRegen  0.14/turn              (no ring)
MPRegen  0.10/turn              (no ring)

@: no status effects
A: iridescent scales 2, spiny 1
a: no special abilities


You were in the Dungeon.
You were not hungry.

You visited 1 branch You collected 54 gold pieces.

Inventory:

Hand Weapons
 a - a +1 short sword (weapon)
 j - a +0 giant spiked club
Armour
 b - a +0 leather armour (worn)
Scrolls
 i - a scroll of blinking
Potions
 d - a potion of curing
 e - a potion of heal wounds
 f - a potion of haste
 g - 2 potions of magic
 h - a potion of berserk rage
Comestibles
 c - a ration


   Skills:
 + Level 7.3 Fighting
 + Level 3.6 Short Blades
 + Level 3.4 Armour
 + Level 2.1 Dodging
 + Level 1.7 Unarmed Combat
   Level 3.3 Invocations


You had 3 spell levels left.
You didn't know any spells.
Your spell library was empty.

Dungeon Overview and Level Annotations

Branches:
Dungeon (1/1)

Altars:

Annotations:
D Sigmund


Innate Abilities, Weirdness & Mutations

You are mostly covered in iridescent scales. (AC +4)
You are partially covered in sharp spines.


Message History

Sigmund hits you with a +0 scythe.
You closely miss Sigmund.
Sigmund is moderately wounded.
Sigmund hits you with a +0 scythe.
* * * LOW HITPOINT WARNING * * *
You barely miss Sigmund. You punch Sigmund.
Sigmund is heavily wounded.
You hit Sigmund but do no damage.
Sigmund is heavily wounded.
Sigmund screams, "Don't try to resist!"
Sigmund casts a spell.
Sigmund flickers and vanishes!
Deactivating autopickup; reactivate with Ctrl-A.
You miss something. Something hits you!
* * * LOW HITPOINT WARNING * * *
Something hits you.
* * * LOW HITPOINT WARNING * * *
There is an open door here.
Something hits you.
You die...

#############
#<.#..'..#..+
#..').#..'..#
#..#####@####
#..# #..#
#..# ####
#..# #⌠⌠#
####


There were no monsters in sight!

Vanquished Creatures
  An ogre (D)
  Ijyb (D)
2 creatures vanquished.

Notes
Turn   | Place    | Note
-------+----------+-------------------------------------------
     0 | D        | garygaoyx1 the Demonspawn Abyssal Knight began the quest
                  | for the Orb.
     0 | D        | Reached XP level 1. HP: 18/18 MP: 2/2
    14 | D        | Noticed Ijyb
    31 | D        | Killed Ijyb
    31 | D        | Reached skill level 5 in Fighting
    31 | D        | Reached skill level 1 in Dodging
    31 | D        | Gained mutation: You are partially covered in iridescent
                  | scales. (AC +2) [demonic ancestry]
    31 | D        | Reached XP level 2. HP: 17/27 MP: 2/4
    33 | D        | Fell from the grace of Lugonu
    36 | D        | Noticed an ogre
    53 | D        | Killed an ogre
    53 | D        | Reached skill level 7 in Fighting
    53 | D        | Reached skill level 1 in Unarmed Combat
    53 | D        | Gained mutation: You are mostly covered in iridescent
                  | scales. (AC +4) [demonic ancestry]
    53 | D        | Reached XP level 3. HP: 26/36 MP: 3/5
    53 | D        | Gained mutation: You are partially covered in sharp spines.
                  | [demonic ancestry]
    53 | D        | Reached XP level 4. HP: 31/43 MP: 3/6
    69 | D        | Noticed Sigmund
    88 | D        | HP: 2/43 [something (3)]
    90 | D        | Slain by Sigmund

Levels and vault maps discovered:
D:        dungeon_sprint_1 [red_sonja_temple_1, red_sonja_temple_small_1]

Skill      XL: |  1  2 |
---------------+-------+-----
Fighting       | 5 7 |  7.3
Short Blades   | 2 3 |  3.6
Armour         | 2 3 |  3.4
Dodging        | 1 2 |  2.1
Invocations    | 3 |  3.3
Unarmed Combat | 1 |  1.7

Action                   |  1- 3 |  4- 6 || total
-------------------------+-------+-------++-------
Melee: Unarmed           |    12 |       ||    12
       Short sword       |     9 |    14 ||    23
       Punch             |       |     1 ||     1
Invok: Renounce Religion |     1 |       ||     1
Armor: Leather armour    |     1 |       ||     1
       Skin              |     1 |       ||     1
Dodge: Dodged            |    11 |     5 ||    16
